 Dungeon Crawl Stone Soup version 0.31.0-11-ge490571c62 (webtiles) character file.

Game seed: 1769320765119576708

140 qw the Ducker (level 5, -1/26 HPs)
             Began as a Spriggan Hunter on Feb 4, 2024.
             Slain by a gnoll
             ... wielding a +0 flail
             ... led by a gnoll bouda
              (6 damage)
             ... on level 3 of the Dungeon.
             The game lasted 00:00:34 (1198 turns).

qw the Ducker (Spriggan Hunter)                     Turns: 1198, Time: 00:00:35

Health: -1/26      AC:  2    Str: 13    XL:     5   Next: 2%
Magic:  6/6        EV: 20    Int: 11    God:
Gold:   126        SH:  0    Dex: 20    Spells: 4/4 levels left

rFire   . . .        a - +0 shortbow (freeze)
rCold   . . .        (shield currently unavailable)
rNeg    . . .        c - +0 robe
rPois   +            (helmet restricted)
rElec   .            (no cloak)
rCorr   .            (gloves unavailable)
SInv    +            (boots unavailable)
Will    .....        (no amulet)
Stlth   ++           e - ring of poison resistance
HPRegen 0.24/turn    h - +6 ring of strength
MPRegen 0.10/turn

%: no passive effects
@: about to teleport, weakened, very quick
A: very small, no large weapons, unfitting armour, see invisible, speed 3
a: no special abilities


You were on level 3 of the Dungeon.
You visited 1 branch of the dungeon, and saw 3 of its levels.

You collected 126 gold pieces.


Innate Abilities, Weirdness & Mutations

You are very small and have problems with some larger weapons.
You are too small for most types of armour.
You have supernaturally acute eyesight. (SInv)
You cover ground extremely quickly. (Speed+++)


   Skills:
 - Level 2.0 Fighting
 + Level 5.1 Ranged Weapons
 - Level 5.2 Dodging
 - Level 1.5 Stealth


You had 4 spell levels left.
You didn't know any spells.
Your spell library was empty.

Inventory:

Hand Weapons
 a - a +0 shortbow of freezing (weapon)
Armour
 c - a +0 robe (worn)
Jewellery
 e - a ring of poison resistance (left hand)
 h - a +6 ring of strength (right hand)
Potions
 b - a potion of curing
 d - a potion of heal wounds
 f - a potion of degeneration {unknown}
 g - a potion of mutation

Dungeon Overview and Level Annotations

Branches:
Dungeon (3/15)

Altars:


Message History

You shoot an arrow. The arrow hits the gnoll!
The arrow freezes the gnoll.
The gnoll is severely wounded.
A gnoll bouda comes into view. It is wielding a +0 club.
You shoot an arrow. The arrow barely misses the gnoll.
The gnoll bouda shouts!
The gnoll bouda barks out a call to the hunt!
The gnoll picks up the pace!
A gnoll comes into view. It is wielding a +0 flail.
You hear a shout! x2
You shoot an arrow. The arrow hits the gnoll.
The arrow freezes the gnoll.
The gnoll is severely wounded.
You hear a shout!
A giant cockroach comes into view.
A gnoll comes into view.
It is wielding a +0 halberd and quivering 2 throwing nets.
The gnoll hits you with a +0 flail!
Ouch! That really hurt!
You shoot an arrow. The arrow hits the gnoll.
The arrow freezes the gnoll.
You kill the gnoll!
A goblin comes into view. It is wielding a +0 club.
You have reached level 5!
You feel clever.
You shoot an arrow.
The arrow hits the goblin but does no damage.
The goblin misses you.
You shoot an arrow. The arrow hits the goblin.
The arrow freezes the goblin.
You kill the goblin!
You shoot an arrow. The arrow hits the giant cockroach!
The arrow freezes the giant cockroach.
You kill the giant cockroach!
The gnoll bouda gazes fiercely through you!
You feel your attacks grow feeble.
Your Fighting skill increases to level 2!
You shoot an arrow. The arrow barely misses the gnoll.
The gnoll hits you with a +0 flail!
The gnoll bouda gazes fiercely through you!
You feel as though you will be weak longer.
1198 ||| READING scroll of teleportation.
As you read the scroll of teleportation, it crumbles to dust.
You feel strangely unstable. The gnoll hits you with a +0 flail.
You die...

#.# ## ###.# .# #...##
.# #....## .#####[....##
....##...#..###
....##>..##...####
.........####....#
#.............##@#
+...........[.##gg....#
#.............###.......
..............# ###+#..
...?.###.....## .....#
#...... .#...# #######
.#.### .#.#


You could see a gnoll bouda and a gnoll (swift).

Vanquished Creatures
  An orc wizard (D:3)
  An adder (D:2)
  4 gnolls
  6 dart slugs
  A ribbon worm (D:2)
  3 orcs (D:3)
  5 ball pythons
  6 bats
  An endoplasm (D:2)
  5 giant cockroaches
  3 goblins
  4 hobgoblins
  2 jackals (D:2)
  A quokka (D:2)
  2 frilled lizards
  A kobold (D:2)
  4 rats
50 creatures vanquished.

Notes
Turn   | Place    | Note
-------+----------+-------------------------------------------
     0 | D:1      | qw the Spriggan Hunter began the quest for the Orb.
     0 | D:1      | Reached XP level 1. HP: 10/10 MP: 2/2
     0 | D:1      | 0 ||| qw: Version: 0.3-a-160-g6735b56
     0 | D:1      | 0 ||| qw: Game counter: 5848
     0 | D:1      | 0 ||| qw: Melee chars always use a shield: true
     0 | D:1      | 0 ||| qw: God list: Okawaru
     0 | D:1      | 0 ||| qw: Allow faded altars: false
     0 | D:1      | 0 ||| qw: Do Orc after clearing Dungeon:15 true
     0 | D:1      | 0 ||| qw: Do second Lair branch before Depths: true
     0 | D:1      | 0 ||| qw: Lair rune preference: random
     0 | D:1      | 0 ||| qw: Goals: Normal
     0 | D:1      | 0 ||| PLANNING D:1-11
    24 | D:1      | Reached skill level 3 in Dodging
   443 | D:1      | 443 ||| UPGRADING to ring of poison resistance.
   444 | D:1      | 444 ||| UPGRADING to +6 ring of strength.
   445 | D:1      | 445 ||| READING 3 scrolls labelled JIQIGAYDOU.
   445 | D:1      | 445 ||| IDENTIFYING red potion
   446 | D:1      | 446 ||| READING 2 scrolls of identify.
   446 | D:1      | 446 ||| IDENTIFYING lumpy puce potion
   447 | D:1      | 447 ||| DROPPING scroll of butterflies.
   448 | D:1      | 448 ||| DROPPING potion of berserk rage.
   449 | D:1      | 449 ||| DROPPING potion of attraction.
   458 | D:2      | Reached XP level 2. HP: 14/14 MP: 3/3
   574 | D:2      | Reached XP level 3. HP: 16/18 MP: 4/4
   632 | D:2      | 632 ||| FLEEEEING.
   633 | D:2      | 633 ||| FLEEEEING.
   634 | D:2      | 634 ||| FLEEEEING.
   636 | D:2      | 636 ||| FLEEEEING.
   638 | D:2      | 638 ||| STAIRDANCE
   657 | D:1      | 657 ||| DROPPING ring of magical power.
   658 | D:1      | 658 ||| READING scroll of identify.
   658 | D:1      | 658 ||| IDENTIFYING yellow potion
   659 | D:1      | 659 ||| READING scroll labelled NIUSIFYUZEY.
   660 | D:1      | 660 ||| READING scroll labelled SUISEGAQ XULOSH.
   660 | D:1      | 660 ||| BRANDING +0 shortbow.
   694 | D:2      | HP: 1/18 [gnoll/+0 club (6)]
   698 | D:2      | Reached XP level 4. HP: 2/22 MP: 5/5
   994 | D:2      | 994 ||| READING 3 scrolls of identify.
   994 | D:2      | 994 ||| IDENTIFYING silvery potion
   995 | D:2      | 995 ||| READING 2 scrolls of identify.
   995 | D:2      | 995 ||| IDENTIFYING pink potion
   996 | D:2      | 996 ||| READING scroll of identify.
   996 | D:2      | 996 ||| IDENTIFYING scroll labelled MIORCH UDUATANUTA
   997 | D:2      | 997 ||| READING 2 scrolls labelled VAAVVU BU XIK.
  1000 | D:2      | 1000 ||| DROPPING scroll of noise.
  1017 | D:3      | 1017 ||| STAIRDANCE
  1021 | D:3      | 1021 ||| STAIRDANCE
  1025 | D:3      | 1025 ||| STAIRDANCE
  1032 | D:3      | 1032 ||| STAIRDANCE
  1194 | D:3      | Reached XP level 5. HP: 13/26 MP: 6/6
  1197 | D:3      | HP: 4/26 [gnoll/+0 flail[a gnoll bouda] (10)]
  1198 | D:3      | 1198 ||| READING scroll of teleportation.
  1198 | D:3      | Slain by a gnoll

Levels and vault maps discovered:
D:1:      minmay_arrival_jagged, layout_rooms, serial_aquarium,
          aquarium_bridge_square [aquarium_subvault_wall,
          aquarium_subvault_wall, aquarium_subvault_wall,
          aquarium_subvault_bridge], aquarium_window_double,
          aquarium_window_fake, aquarium_view_2e, aquarium_view_2e,
          roderic_filled_cross
D:2:      layout_rooms
D:3:      layout_basic

Skill      XL: |  1  2  3  4  5 |
---------------+----------------+-----
Dodging        | 3 4 5 |  5.2
Ranged Weapons | 5 |  5.1
Fighting       | 2 |  2.0
Stealth        | |  1.5

Action                     |  1- 3 |  4- 6 || total
---------------------------+-------+-------++-------
   Fire: Shortbow          |    99 |    57 ||   156
    Use: Scroll            |     5 |     5 ||    10
 Armour: Robe              |    16 |    17 ||    33
  Dodge: Dodged            |    44 |    48 ||    92

Table legend:
 A = Non-vault XP
 B = Vault XP
 C = Vault XP percentage of total XP
 D = Non-vault monster count
 E = Vault monster count
 F = Vault count percentage of total count
                 A         B        C        D         E       F
            +---------+---------+-------+---------+---------+-------
      Total |     200 |       0 |   0.0 |      50 |       0 |   0.0
            +---------+---------+-------+---------+---------+-------
        D:1 |      10 |       0 |   0.0 |       6 |       0 |   0.0
        D:2 |     110 |       0 |   0.0 |      29 |       0 |   0.0
        D:3 |      80 |       0 |   0.0 |      15 |       0 |   0.0
            +---------+---------+-------+---------+---------+-------
